Map: Frozen Temple

Players

IIllIIllIIlI

  • Race: Zerg Zerg

fotbalexpert - Winner!

  • Race: Terran Terran
  • League: Diamond

VOD

Have the link to the VOD?

Description

Time

  • Played on: Sept. 17, 2016, 10:29 p.m.
  • Length: 11:55
Show
View Real Time Build Order
Export as new Build Order

IIllIIllIIlI Zerg 

Build Orders: Hatch First 

Get SALT Encoding   

  12  0:00  Drone  
  13  0:08  Drone  
  14  0:17  Overlord  
  14  0:28  Extractor, Drone  
  15  0:36  Drone  
  15  0:37  Drone  
  17  0:44  Drone  
  18  0:56  Drone  
  19  1:03  Hatchery  
  18  1:08  Drone  
  19  1:22  Drone, Spawning Pool  
  19  1:27  Drone  
  19  1:28  Extractor  
  19  1:54  Hatchery  
  18  2:06  Overlord  
  18  2:09  Queen  
  18  2:11  Zergling x2  
  21  2:15  Queen  
  23  2:23  Zergling x4  
  24  2:52  Drone x4  
  24  2:53  Drone  
  24  2:55  Queen  
  24  2:58  Overlord  
  31  3:23  Drone  
  31  3:24  Drone x7  
  39  3:36  Roach Warren  
  38  3:43  Queen  
  40  3:50  Extractor  
  40  3:53  Queen  
  41  3:58  Overlord  
  41  4:16  Queen  
  43  4:21  Roach x3  
  43  4:22  Overlord x2  
  49  4:25  Overlord x2  
  49  4:42  Drone  
  49  4:43  Drone x2  
  52  4:46  Ravager x3  
  52  4:51  Lair  
  55  4:57  Roach x4  
  63  5:04  Extractor, Drone x5  
  63  5:05  Extractor  
  66  5:15  Drone x3  
  66  5:16  Drone x2  
  71  5:29  Drone  
  71  5:30  Drone x6  
  71  5:33  Extractor  
  71  5:35  Extractor  
  72  5:53  Roach, Ravager x2  
  72  5:54  Roach  
  78  5:59  Drone  
  78  6:00  Drone x3  
  78  6:01  Overlord x2  
  78  6:02  Overlord x3  
  82  6:10  Infestation Pit  
  81  6:19  Drone  
  81  6:22  Drone x2  
  80  6:36  Overseer  
  79  6:44  Queen  
  79  6:47  Roach x3  
  74  7:02  Roach x6  
  74  7:03  Roach x2  
  90  7:22  Roach x3  
  88  7:23  Roach  
  86  7:30  Roach x4  
  86  7:31  Roach x4  
  86  7:33  Hive  
  102  7:41  Overlord x2  
  102  7:42  Overlord  
  102  8:00  Overlord x3  
  77  8:29  Spore Crawler  
  77  8:31  Drone x4  
  77  8:32  Drone x4  
  84  8:36  Ravager x2  
  86  8:51  Ultralisk Cavern  
  85  8:58  Evolution Chamber  
  85  8:59  Spire, Evolution Chamber, Drone x6  
  88  9:12  Drone x3  
  88  9:13  Drone x3  
  94  9:40  Ultralisk x2  
  106  9:47  Chitinous Plating  
  75  10:09  Ultralisk  
  75  10:10  Ultralisk  
  64  10:25  Ultralisk  
  68  10:38  Hatchery  
  67  10:47  Ultralisk  
Show
View Real Time Build Order
Export as new Build Order

fotbalexpert Terran - Winner!

Build Orders: MMM Bio 

Get SALT Encoding   

  12  0:01  SCV  
  13  0:13  SCV  
  14  0:25  SCV  
  15  0:30  Supply Depot  
  15  0:51  SCV  
  15  0:53  Barracks  
  16  0:58  Refinery  
  16  1:03  SCV  
  17  1:15  SCV  
  18  1:27  SCV  
  20  1:42  Reaper  
  20  1:43  Orbital Command  
  20  1:50  Command Center  
  20  2:00  Barracks  
  20  2:13  SCV, Supply Depot  
  21  2:21  Barracks Reactor  
  21  2:23  Refinery  
  21  2:25  SCV  
  22  2:46  SCV  
  22  2:51  Barracks Tech Lab  
  23  2:52  Factory  
  23  2:58  SCV, Marine x2  
  26  3:10  Orbital Command  
  26  3:12  Marine  
  27  3:14  Stimpack  
  27  3:20  Marine x2  
  29  3:28  SCV  
  30  3:35  Marine  
  30  3:39  Marine x2  
  30  3:40  SCV  
  34  3:41  Factory Reactor  
  34  3:43  Starport  
  34  3:47  SCV  
  35  3:53  SCV  
  36  3:59  Supply Depot, Marine x3  
  36  4:02  SCV  
  40  4:08  SCV  
  41  4:14  SCV  
  42  4:20  SCV  
  42  4:21  Marine x2  
  45  4:29  Marine  
  45  4:30  SCV  
  47  4:33  Medivac, Supply Depot  
  47  4:34  Medivac  
  47  4:35  Widow Mine  
  53  4:41  Supply Depot  
  53  4:46  Engineering Bay  
  53  4:48  Engineering Bay  
  53  4:49  SCV  
  53  4:50  Refinery  
  54  4:54  SCV  
  54  4:57  Marine x2  
  54  4:58  Marine  
  58  5:01  SCV  
  58  5:06  SCV  
  60  5:15  Widow Mine  
  60  5:16  Medivac  
  60  5:17  Marine x3  
  60  5:20  Supply Depot  
  67  5:24  Terran Infantry Weapons Level 1  
  67  5:26  Terran Infantry Armor Level 1  
  67  5:27  SCV  
  68  5:32  SCV  
  69  5:41  Liberator, Command Center  
  69  5:49  Marine x2  
  67  5:50  Marine  
  67  5:51  Factory Tech Lab  
  67  5:52  SCV  
  69  6:00  Supply Depot  
  69  6:01  SCV  
  73  6:11  Combat Shields, Marine x3  
  75  6:14  Supply Depot  
  76  6:20  SCV x2  
  76  6:22  Siege Tank  
  81  6:32  Marine x3  
  79  6:36  SCV  
  82  6:42  Barracks x3  
  80  6:50  SCV x2, Marine x2  
  81  7:02  SCV  
  80  7:15  Marine x3  
  80  7:16  Siege Tank  
  80  7:20  Armory, Orbital Command  
  80  7:21  Supply Depot  
  84  7:25  Medivac x2  
  87  7:31  Barracks Reactor x2  
  87  7:32  Barracks Reactor  
  87  7:34  SCV  
  79  7:38  Marine x2  
  81  7:47  Marine  
  82  7:56  Marine x2  
  84  8:05  Marine  
  74  8:13  SCV x3, Marine  
  74  8:14  Marine x7  
  84  8:23  Marine  
  84  8:25  SCV x3, Siege Tank  
  91  8:31  Marine x2  
  91  8:32  Marine x2  
  95  8:37  SCV x3  
  95  8:38  Marine x2  
  100  8:42  Supply Depot  
  100  8:48  Marine x2  
  101  8:49  SCV x3  
  101  8:51  Marine x3  
  101  8:52  Concussive Shells  
  108  8:57  Terran Infantry Armor Level 2, Supply Depot, Terran Infantry Weapons Level 2  
  108  8:59  Medivac, Marauder  
  108  9:01  Refinery  
  112  9:03  Refinery  
  112  9:05  Refinery  
  112  9:06  Supply Depot  
  112  9:09  Marine x2  
  114  9:12  Marine, Siege Tank  
  114  9:15  Terran Vehicle Weapons Level 1  
  118  9:24  Marine x2  
  120  9:31  Missile Turret  
  120  9:38  Marine  
  120  9:44  Marine  
  122  9:47  Marine x7  
  122  9:50  Command Center  
  129  9:56  Marine  
  130  10:02  Marine  
  130  10:04  Marine  
  130  10:06  Marine  
  121  10:07  SCV, Marine x4  
  121  10:08  SCV  
  125  10:32  Marine  
  125  10:34  Marine  
  127  10:37  SCV  
  127  10:39  Command Center  
  127  10:40  Barracks  
  127  10:41  Barracks  
  128  10:42  Starport  
  128  10:43  Starport, Barracks  
  128  10:45  SCV  
  121  11:04  Marine  
  121  11:09  Marine  
  120  11:15  Marine  
  120  11:16  Marauder  
  123  11:20  Marine  
  123  11:21  Marine x2  
  123  11:23  SCV x2  
  123  11:24  SCV x2  
  130  11:29  Barracks Reactor x2  
  127  11:36  SCV x2  
  127  11:37  SCV  
  132  11:47  Refinery  
Tags
 
Composition
MMM Bio
League
Diamond
Matchup
TvZ
Add a new tag
Caveats
  • Supply blocks, unpowered buildings, or Contaminate may cause inaccurate times.
  • Supply counts are checked every 10 seconds.